 Dungeon Crawl Stone Soup version 0.18-a0-1526-gcb34c7c (webtiles) character file.

46 Duffy the Chopper (level 3, 31/31 HPs)
             Began as a Minotaur Fighter on Mar 8, 2016.
             Was a Follower of Okawaru.
             Quit the game on level 2 of the Dungeon.
             The game lasted 00:01:14 (1045 turns).

Duffy the Chopper (Minotaur Fighter)                Turns: 1045, Time: 00:01:14

Health: 31/31      AC:  6    Str: 21    XL:     3   Next: 46%
Magic:  2/2        EV:  7    Int:  5    God:    Okawaru [*.....]
Gold:   62         SH:  9    Dex:  9    Spells: 0 memorised, 2 levels left

rFire  . . .     SeeInvis .     a - +0 war axe
rCold  . . .     Gourm    .     b - +0 scale mail
rNeg   . . .     Faith    .     c - +0 shield
rPois  .         Spirit   .     (helmet restricted)
rElec  .         Dismiss  .     (no cloak)
rCorr  .         Reflect  .     (no gloves)
SustAt .         Harm     .     (no boots)
MR     .....                    (no amulet)
Stlth  ..........               (no ring)
                                (no ring)

@: not resistant to hostile enchantments, extremely unstealthy
A: retaliatory headbutt, horns 2
a: Heroism, Renounce Religion


You were on level 2 of the Dungeon.
You worshipped Okawaru.
Okawaru was aware of your devotion.
You were hungry.

You visited 1 branch of the dungeon, and saw 2 of its levels.

You collected 62 gold pieces.


Innate Abilities, Weirdness & Mutations

You reflexively headbutt those who attack you in melee.
You have a pair of horns on your head.


   Skills:
 - Level 3.6 Fighting
 + Level 4.7 Axes
 - Level 3.6 Armour
 - Level 3.6 Shields


You had 2 spell levels left.
You didn't know any spells.

Inventory:

Hand Weapons
 a - a +0 war axe (weapon)
Armour
 b - a +0 scale mail (worn)
 c - a +0 shield (worn)
Jewellery
 g - an uncursed ring of fire
Scrolls
 e - a scroll of noise {unknown}
 h - a scroll of remove curse {unknown}
 k - 2 scrolls of identify {unknown}
Potions
 d - a potion of might
 i - a potion of curing {unknown}
 l - a potion of agility {unknown}
Comestibles
 f - a bread ration
 j - a beef jerky

Dungeon Overview and Level Annotations

Branches:
Dungeon (2/15)

Altars:
Elyvilon
Okawaru
Ru


Message History

No target in view!
No target in view!
No target in view!
No target in view!
No target in view!
No target in view!
No target in view!
A giant newt comes into view.
You block the giant newt's attack.
You closely miss the giant newt.
The giant newt bites you but does no damage.
You barely miss the giant newt. You block the giant newt's attack.
The giant newt bites you but does no damage.
You miss the giant newt. Your headbutt misses the giant newt.
The giant newt bites you but does no damage.
You hit the giant newt.
You kill the giant newt!
No target in view!
No target in view!
No target in view!
No target in view!
No target in view!
No target in view!
No target in view!
No target in view!
There is a white marble altar of Elyvilon here.
You are feeling hungry.
(D) Dungeon
Where to? (* - list waypoints, Enter - D:2 @ (x,y), ? - help)
There is a faded altar to an unknown god here.
This altar will convert you to a god.
You cannot discern which.
Do you pray? Okawaru accepts your prayer! Okawaru welcomes you!
You can now gain great but temporary skills.
Are you sure you want to abandon this character and quit the game? (Confirm with "yes".)

..#.....##.#.##.#.
...................
#.#.#..[...........
##...#...#######.## #.
##...#...........#
##.##......#.#.#######
#.#............#
..>.......#...#
#.......#@#.##
#........#..###
###.............
#............###
#..##.####.#.# ...##.#
#...###### #..##.#
#..##...## #..##.#
#..#.###.#
#..##.#####.(..#
#.####


There were no monsters in sight!

Action                   || total
-------------------------++-------
Melee: War axe           ||    73

Notes
Turn   | Place    | Note
--------------------------------------------------------------
     0 | D:1      | Duffy the Minotaur Fighter began the quest for the Orb.
     0 | D:1      | Reached XP level 1. HP: 19/19 MP: 0/0
     3 | D:1      | Reached skill level 3 in Axes
    99 | D:1      | Reached XP level 2. HP: 20/26 MP: 1/1
   429 | D:1      | Reached skill level 4 in Axes
   519 | D:1      | Reached XP level 3. HP: 31/31 MP: 2/2
   769 | D:2      | Found a faded altar to an unknown god.
   819 | D:2      | Found a white marble altar of Elyvilon.
   915 | D:2      | Found a sacrificial altar of Ru.
  1045 | D:2      | Became a worshipper of Warmaster Okawaru
  1045 | D:2      | Reached * piety under Okawaru
  1045 | D:2      | Quit the game

Vault maps used:
D:1:      onia_arrival_handbag
D:2:      minmay_kobold_bridge, lemuel_round_altar, lemuel_crystal_altar,
          ecumenical_altar_1

Vanquished Creatures
  An ooze
  A worm
  2 dart slugs
  3 giant geckos
  3 bats
  A giant cockroach
  4 goblins
  4 hobgoblins
  4 jackals
  2 giant newts
  3 kobolds
  3 rats
31 creatures vanquished.
